 Dungeon Crawl Stone Soup version 0.31-a0-339-gda1cbd555d (webtiles) character file.

Game seed: 10053592773093903948

58 Dirtsage the Changeling (level 4, -6/29 HPs)
             Began as an Octopode Shapeshifter on July 19, 2023.
             Mangled by Grinder (11 damage)
             ... while paralysed by Grinder
             ... on level 3 of the Dungeon on July 20, 2023.
             The game lasted 00:03:36 (1017 turns).

Dirtsage the Changeling (Octopode Shapeshifter)     Turns: 1017, Time: 00:03:36

Health: -6/29      AC:  1    Str: 14    XL:     4   Next: 2%
Magic:  0/4        EV:  2    Int: 12    God:
Gold:   176        SH:  0    Dex: 12    Spells: 3/3 levels left

rFire   . .          .
                       - Unarmed
rCold   . . .        (no shield)
rNeg    . . .        (helmet currently unavailable)
rPois   .            j - amulet of guardian spirit
rElec   .            (no ring)
rCorr   .            (no ring)
SInv    .            (no ring)
Will    .....        (no ring)
Stlth   ++           (no ring)
HPRegen 0.24/turn    (no ring)
MPRegen 0.09/turn    (no ring)
                     (no ring)

%: guardian spirit
@: paralysed, beast-form
A: beast (slay +2), almost no armour, amphibious, 8 rings, camouflage 1,
gelatinous body 1, (nimble swimmer 1), tentacles
a: Begin Untransformation


You were on level 3 of the Dungeon.
You were a hulking beast.
You visited 1 branch of the dungeon, and saw 3 of its levels.

You collected 176 gold pieces.

Inventory:

Jewellery
 j - an amulet of guardian spirit (around mantle)
Talismans
 b - a beast talisman
Scrolls
 c - 5 scrolls of identify {unknown}
 f - a scroll of vulnerability {unknown}
 h - 3 scrolls of fog {unknown}
 i - a scroll of fear {unknown}
Potions
 a - a potion of lignification
 d - a potion of brilliance {unknown}
 e - a potion of resistance {unknown}
 g - a potion of heal wounds {unknown}


   Skills:
 - Level 2.0 Fighting
 - Level 2.0 Dodging
 + Level 2.9 Unarmed Combat
 * Level 3.9 Shapeshifting


You had 3 spell levels left.
You didn't know any spells.
Your spell library contained the following spells:

 Spells                   Type           Power      Damage    Failure   Level
 Sandblast                Erth           0%         2d4       32%         1
 Passwall                 Tmut/Erth      0%         N/A       45%         2
 Stone Arrow              Conj/Erth      0%         3d7       69%         3
 Conjure Ball Lightning   Conj/Air       0%         3x3d6     100%        6
 Discord                  Hex            0%         N/A       100%        8
 Disjunction              Tloc           0%         N/A       100%        8


Dungeon Overview and Level Annotations

Branches:
Dungeon (2/15)

Altars:

Shops:
D:1 *   D:3 [

Annotations:
D:3 Grinder


Innate Abilities, Weirdness & Mutations

You are a hulking beast.
Your limbs bulge with bestial killing power. (Slay +2)
You cannot wear most types of armour.
You are amphibious.
You can wear up to eight rings at the same time.
Your skin changes colour to match your surroundings (Stealth+).
Your rubbery body absorbs attacks. (AC +1, EV +1)
((You are camouflaged when in or above water. (Stealth+)))
You have tentacles for arms and can constrict up to eight enemies at once.


Message History

You kill the kobold!
No target in view!
No target in view!
No target in view!
You now have 169 gold pieces (gained 10).
You now have 176 gold pieces (gained 7).
Found Taappeli's Antique Armour Shoppe.
Grinder comes into view.
Grinder is nearby!
Okay, then.
You have nothing you can fire or use right now.
Unknown command.
Grinder shouts!
Grinder says, "Just stop there for a second..."
Grinder hits you.
You writhe in agony.
You take 7 damage, and have 22/29 hp.
MASSIVE DAMAGE!!
You now have 3/4 mp.
You tentacle-slap Grinder. You grab Grinder. You squeeze Grinder.
Grinder is lightly wounded.
You constrict Grinder. Grinder barely misses you.
You tentacle-slap Grinder. You squeeze Grinder!
Grinder is severely wounded.
You constrict Grinder. Grinder hits you.
You writhe in agony.
You take 5 damage, and have 17/29 hp.
You now have 2/4 mp.
You tentacle-slap Grinder.
Grinder is severely wounded.
You constrict Grinder. Grinder hits you.
You writhe in agony.
You take 6 damage, and have 11/29 hp.
MASSIVE DAMAGE!!
You now have 1/4 mp.
You tentacle-slap Grinder but do no damage.
You squeeze Grinder.
Grinder is almost dead.
You constrict Grinder. Grinder gestures at you.
You suddenly lose the ability to move!
You lose your grip on Grinder.
Grinder hits you.
You writhe in agony.
* * * LOW HITPOINT WARNING * * *
Grinder says, "Mostly I couldn't keep them alive."
Grinder gestures at you.
You shrug off the repeated paralysis!
Grinder hits you!
You die...

## ## .... ..#.
#...## #....# #.##5#
#.##h####### #
#.##........ #.
#.##...∩.#..
#.#######.....∩∩∩...
#..............∩.#..
###.###.###...#### #
#...........# #
###.#.......# #
##### #.#######.#


You could see Grinder.

Vanquished Creatures
  2 adders (D:2)
  A dart slug (D:1)
  An orc (D:3)
  4 ball pythons
  3 bats
  5 endoplasms
  2 giant cockroaches (D:2)
  3 hobgoblins
  3 quokkas (D:1)
  3 frilled lizards
  A goblin (D:1)
  6 kobolds
  3 rats
37 creatures vanquished.

Notes
Turn   | Place    | Note
-------+----------+-------------------------------------------
     0 | D:1      | Dirtsage the Octopode Shapeshifter began the quest for the
                  | Orb.
     0 | D:1      | Reached XP level 1. HP: 14/14 MP: 1/1
     3 | D:1      | Noticed an electric eel
     4 | D:1      | Noticed an electric eel
    37 | D:1      | Upgraded the game from 0.31-a0-331-geda263fcf1 to
                  | 0.31-a0-339-gda1cbd555d
   145 | D:1      | Reached XP level 2. HP: 19/19 MP: 2/2
   420 | D:1      | Found Qaufiocw's Assorted Antiques.
   680 | D:2      | Reached XP level 3. HP: 20/24 MP: 3/3
   905 | D:2      | You fall into a shaft and drop 1 floor!
   956 | D:3      | Reached XP level 4. HP: 29/29 MP: 4/4
  1004 | D:3      | Found Taappeli's Antique Armour Shoppe.
  1007 | D:3      | Noticed Grinder
  1014 | D:3      | Paralysed by Grinder for 3 turns
  1017 | D:3      | Mangled by Grinder

Illustrated notes

Levels and vault maps discovered:
D:1:      arrival_aquarium_b, layout_loops_ring, serial_shops,
          nicolae_diamond_shop
D:2:      layout_rooms, minmay_joined_circles
D:3:      layout_basic, amcnicky_altar_gilded, mainiacjoe_overflow_alcove_2,
          serial_shops, nicolae_shop_rolled_up, shop, nicolae_shop_dealshenge,
          nicolae_shop_gaudy_bauble, shop, uniq_grinder, uniq_crazy_yiuf_cottage

Action                     |  1- 3 |  4- 6 || total
---------------------------+-------+-------++-------
  Melee: Unarmed           |    60 |     5 ||    65
         Constrict         |    18 |     1 ||    19
         Tentacles         |    10 |     3 ||    13
   Stab: Sleeping          |    10 |     1 ||    11
 Armour: Skin              |    11 |       ||    11
  Dodge: Dodged            |    24 |     1 ||    25

Table legend: (Time is in decaauts)
 A = Elapsed time spent in this place.
 B = Non-inter-level travel time spent in this place.
 C = Inter-level travel time spent in this place.
 D = Time resting spent in this place.
 E = Time spent auto-exploring this place.
 F = Levels seen in this place.
 G = Mean time per level.
                   A        B        C        D        E       F      G
               +--------+--------+--------+--------+--------+-----+--------+
         Total |   1013 |    993 |     20 |      0 |    768 |   3 |  337.7 |
       Dungeon |   1013 |    993 |     20 |      0 |    768 |   3 |  337.7 |
               +--------+--------+--------+--------+--------+-----+--------+

Top non-repeatable levels by time:
     D:1: 638 daAuts
     D:2: 263 daAuts
     D:3: 111 daAuts
